[Event "67th Mexican-ch Open 2022"]
[Site "Chihuahua"]
[Date "2022.04.17"]
[Round "8.23"]
[White "Rosales Campos, Paul"]
[Black "Garduno Huerta, Joshua Emiliano"]
[Result "1-0"]
[ECO "C49"]
[WhiteElo "2039"]
[BlackElo "1622"]
[Annotator "TA"]
[PlyCount "69"]
[EventDate "2022.04.12"]
[EventType "swiss"]
[EventCountry "MEX"]
[SourceTitle "playchess.com"]
[Source "ChessBase"]
[SourceQuality "1"]
[TimeControl "5400+30"]

1. e4 e5 2. Nf3 Nc6 3. Nc3 Nf6 4. Bb5 Bb4 5. O-O O-O 6. d4 {[%emt 0:00:47] C49: Four Knights: 4 Bb5 Bb4.} d6 (6... Bxc3 $11 {was preferrable.} 7. bxc3 Nxe4) 7. Bg5 $14 {[%emt 0:27:51] Black must now prevent Nd5.} exd4 (7... Bxc3 $14 8. bxc3 h6 9. Bxf6 Qxf6) 8. Nd5 $16 {[%emt 0:04:28] White is better.} (8. Nxd4 $6 Nxd4 9. Qxd4 Bc5 $11) 8... Bc5 {[%emt 0:02:42] [#]} 9. Nh4 $146 {[%emt 0:08:12] &Bianco is more active.} ({White should try} 9. Bh4 $16) ({Predecessor:} 9. Qc1 Ne5 10. Nxf6+ gxf6 11. Bh6 c6 12. Bxf8 Qxf8 13. Be2 Qg7 14. Qf4 Nxf3+ 15. Qxf3 {1-0 (28) Admiraal,M (1944)-Straat,R (2202) Vlissingen 2008}) 9... Kh8 $11 10. Kh1 Ne5 $1 11. Nxf6 gxf6 12. Bh6 Rg8 {[%emt 0:00:16][%cal Of6f5] aiming for ...f5!} 13. Nf5 c6 14. Bd3 Bxf5 ({Better is} 14... d5 $17) 15. exf5 d5 16. Qh5 Bf8 17. Bd2 Qb6 18. b3 Re8 19. Be2 Bb4 20. Bh6 Qc5 21. Rad1 Qxc2 22. Rxd4 Bf8 {[%emt 0:00:36] Strongly threatening ...Bxh6.} 23. Be3 $40 {[%emt 0:01:44][%mdl 128] Black needs to defend precisely. A strong pair of Bishops.} Rg7 24. Rh4 Bc5 (24... Qxa2 25. Bh6 Kg8 26. Bxg7 Bxg7 27. f4 $16 (27. Qxh7+ Kf8 $14)) 25. Rc1 {[%emt 0:00:00] [#]} (25. Bh6 $11 {keeps the balance.} Reg8 26. b4 (26. Rc1 $2 Rxg2 27. Bg7+ R8xg7 $19)) 25... Qxa2 $1 {[%emt 0:01:04][%mdl 8192] Loses the game.} 26. Bxc5 $18 {[%emt 0:00:00] Bf1 is the strong threat.} Ng6 27. fxg6 fxg6 28. Qg4 Rxe2 (28... Qxe2 29. Qxe2 Rxe2) 29. Qc8+ Rg8 30. Qxb7 h5 31. Rg1 Rge8 (31... Qc2 $142 32. Qxc6 Qc3) 32. Qxc6 (32. Qf7 $142 Qb1 {[#]} 33. Qxe8+ $3 (33. Rxb1 $2 {is a self mate.} Re1+ 34. Rxe1 Rxe1#) 33... Rxe8 34. Rxb1) 32... Re1 {[%emt 0:00:38] Hoping for ...Rxg1+.} 33. Qxf6+ {[%emt 0:00:07] White mates.} Kh7 34. Qf7+ Kh8 35. Bd4+ {[%emt 0:00:06] Weighted Error Value: White=0.45/Black=0.57} 1-0

[Event "67th Mexican-ch Open 2022"]
[Site "Chihuahua"]
[Date "2022.04.17"]
[Round "8.25"]
[White "Avila Fraire, Ameyalli"]
[Black "Guillen Cristobal, Sandra N"]
[Result "0-1"]
[ECO "B89"]
[WhiteElo "1955"]
[BlackElo "1933"]
[Annotator "TA"]
[PlyCount "127"]
[EventDate "2022.04.12"]
[EventType "swiss"]
[EventCountry "MEX"]
[SourceTitle "playchess.com"]
[Source "ChessBase"]
[SourceQuality "1"]
[TimeControl "5400+30"]

1. e4 c5 2. Nf3 Nc6 3. d4 cxd4 4. Nxd4 Nf6 5. Nc3 d6 6. Bc4 a6 7. Bb3 e6 8. Be3 Be7 9. Qe2 Bd7 10. O-O-O Qc7 11. g4 Nxd4 {[%emt 0:07:47] B89: Sicilian: Velimirovic Attack.} 12. Rxd4 Bc6 13. f3 (13. f4 $14) 13... b5 {[%emt 0:00:24] Black is slightly better.} 14. Rg1 Nd7 15. g5 Nc5 16. Kb1 {[%emt 0:04:04] [#]} Qb7 $146 ({Black should play} 16... Rb8 {White must now prevent ...a5.} 17. Nd1 a5) ({Predecessor:} 16... O-O 17. f4 Rfb8 18. f5 b4 19. fxe6 fxe6 20. Nd1 Nxb3 21. cxb3 Bb5 22. Qd2 e5 23. Rxb4 {1-0 (29) Kelecevic,N (2387)-Schweizer,R (1957) Winterthur 2007}) 17. Rdd1 (17. Qd1 $17 {is a better defense.}) 17... a5 $2 {[%emt 0:09:02] [#]} (17... b4 $19 18. Bxc5 dxc5) 18. Bxc5 ({White should try} 18. Bd5 $1 $11) 18... dxc5 $15 19. a4 bxa4 20. Bxa4 Bxa4 21. Nxa4 Qb4 22. b3 Rb8 23. Nb2 {[%emt 0:03:41] [#]} ({Better is} 23. Ka2 $1 $15) 23... a4 $1 $17 24. Qc4 axb3 25. Qxb4 bxc2+ ({And not} 25... cxb4 26. cxb3 g6 27. h4 $11) 26. Kxc2 cxb4 27. Kb3 O-O 28. Rd7 Bc5 29. Rgd1 g6 (29... Be3 $17 30. h4 g6) 30. Nc4 $1 $15 Kg7 31. Ne5 {[%emt 0:03:12] Black continues to play with concentration.} (31. f4 $15) 31... Be3 $17 32. R7d3 {[%emt 0:00:12] [#]} (32. h4 $17 {was called for.}) 32... Ra8 $1 $19 ({Don't do} 32... Bxg5 33. Nd7 $14) 33. Nd7 (33. h4 $142) 33... Rfd8 34. Kxb4 $2 (34. h4 {was necessary.}) 34... Bxg5 35. h3 Ra2 36. Ne5 (36. Kb3 $142 Rh2 37. Rb1) 36... Rb8+ 37. Kc3 Bf6 38. f4 Bxe5+ 39. fxe5 {[%emt 0:00:17][%mdl 4096] Endgame KRR-KRR} Re2 40. Rd7 Rxe4 41. Rf1 Rf8 42. Kd3 Rxe5 43. Rf3 Rf5 44. Re3 Ra8 45. Rxe6 Ra3+ 46. Ke4 Rxh3 47. Ree7 Rh1 {[%emt 0:00:36] aiming for ...h5.} 48. Kd4 h5 49. Ra7 Rd1+ 50. Kc3 h4 {[%emt 0:00:42][%cal Bh5h4,Bh4h3][%mdl 32] Threatens to win with ...h3.} 51. Re4 g5 {[%emt 0:00:31][%cal Bg6g5,Bg5g4][%mdl 32] And now ...h3 would win.} 52. Raa4 h3 {[%emt 0:01:46] ( -> ...h2)} 53. Re2 Rg1 54. Rh2 g4 55. Re4 Rf3+ 56. Kd4 f5 57. Re7+ Kf6 58. Rh7 Re1 59. Rh6+ Kg5 60. Rh8 Kf4 61. Ra8 Kg3 {[%emt 0:01:15] Black mates.} 62. Raa2 Ref1 63. Ke5 R3f2 64. Ra1 {Weighted Error Value: White=0.58/Black=0.21 (precise)} 0-1

[Event "67th Mexican-ch Open 2022"]
[Site "Chihuahua"]
[Date "2022.04.17"]
[Round "8.26"]
[White "Real Pereyra, Diana Carime"]
[Black "Guerrero Rodriguez, Alejandra"]
[Result "0-1"]
[ECO "B70"]
[WhiteElo "2049"]
[BlackElo "2019"]
[Annotator "TA"]
[PlyCount "132"]
[EventDate "2022.04.12"]
[EventType "swiss"]
[EventCountry "MEX"]
[SourceTitle "playchess.com"]
[Source "ChessBase"]
[SourceQuality "1"]
[TimeControl "5400+30"]

1. e4 c5 2. Nf3 d6 3. d4 cxd4 4. Nxd4 Nf6 5. Nc3 g6 6. Bc4 Bg7 7. h3 O-O 8. O-O {[%emt 0:00:07] has lost popularity (8.Bb3).} Nc6 9. Nf3 {[%emt 0:00:16] 9.Re1 is becoming the main line.} Na5 {[%emt 0:01:47] B70: Sicilian Dragon: 6 g3 and 6 Be2 (without a later Be3).} 10. Bb3 Nxb3 (10... b5 {is interesting.} 11. e5 dxe5 12. Nxe5 Ba6) 11. axb3 b6 {[%emt 0:02:03] [#] The position is equal.} 12. Qe2 $146 ({Predecessor:} 12. Re1 Bb7 13. Nd5 Nxd5 14. exd5 Qd7 15. c4 a6 16. Nd4 Rae8 17. Be3 e6 18. dxe6 fxe6 {½-½ (67) Needleman,A (2420)-Alonso,S (2444) Buenos Aires 2004}) 12... Bb7 13. Rd1 Qc7 14. Nd5 Nxd5 15. exd5 Rfe8 16. Qd3 e6 17. dxe6 Rxe6 (17... fxe6 $5 18. c3 d5 $15) 18. c3 (18. Nd4 {feels hotter.} Bxd4 19. Qxd4 Qc6 20. f3) 18... Be4 {[%emt 0:01:05] A strong pair of Bishops.} 19. Qc4 Qxc4 20. bxc4 Bc2 21. Rd5 Be4 22. Rd1 Bxf3 (22... Bc2 $5 23. Rd5 Be4 $11) 23. gxf3 Rae8 24. Be3 R8e7 25. Ra2 {[%emt 0:06:19] Strongly threatening Rda1.} Rc7 26. Rd3 f5 27. b3 Be5 28. Rad2 g5 29. Kf1 h6 (29... f4 $5 30. Bd4 Kf7 $11) 30. Rd1 Kf7 31. Bd4 Bxd4 32. Rxd4 $11 {[%emt 0:00:58][%mdl 4096] Endgame KRR-KRR} Ke7 33. Rd5 Rc5 34. Ra1 a5 35. Rad1 Rxd5 36. Rxd5 $15 {[%emt 0:00:29] KR-KR} Re5 $1 {[%emt 0:00:40] ...Rxd5 is the strong threat.} 37. Rd3 Ke6 38. Rd1 b5 (38... Rc5 $17 39. Ra1 d5 40. cxd5+ Kxd5 41. Rd1+ Kc6) 39. cxb5 Rxb5 40. Re1+ Kf6 41. Rb1 Ke5 42. Kg2 (42. c4 $142 Rb6 43. Kg2) 42... d5 $1 $17 43. Kf1 Kf4 44. Kg2 Ke5 ({Not} 44... a4 45. b4 $17) 45. Kf1 $1 {[%emt 0:00:11] [#]} d4 (45... Rc5 $142 $1 46. Rc1 Rb5 47. Rb1) 46. c4 {[%emt 0:00:30] [#] This costs White the game.} (46. Re1+ $17 Kf4 47. cxd4) 46... Rb4 $1 $19 {Hoping for ...d3.} 47. Ra1 Rxb3 48. Rxa5+ Kf4 49. Ke2 (49. Rd5) 49... Rc3 $2 (49... Rxf3 50. Rd5 Ke4) 50. Rc5 $2 (50. c5) 50... h5 $2 (50... Rxf3 51. Rd5 Ke4) 51. Rc8 $2 (51. Rd5 Rxc4 52. Kf1) 51... Rxf3 52. c5 Rxh3 53. c6 Rc3 54. c7 h4 55. Rd8 Rxc7 56. Rxd4+ Ke5 57. Rd1 g4 {Black mates.} 58. Rd8 h3 59. Rh8 Rc2+ 60. Kf1 Kf4 61. Kg1 Kf3 62. Ra8 h2+ 63. Kxh2 g3+ 64. Kh3 gxf2 65. Ra1 Ke2 66. Kg2 f4 {Weighted Error Value: White=0.80/Black=0.24 (precise)} 0-1

[Event "67th Mexican-ch Open 2022"]
[Site "Chihuahua"]
[Date "2022.04.17"]
[Round "8.27"]
[White "Corrales Jimenez, Zenia"]
[Black "Ortega Beltran, Ximena"]
[Result "1/2-1/2"]
[ECO "B35"]
[WhiteElo "2151"]
[BlackElo "1725"]
[Annotator "TA"]
[PlyCount "72"]
[EventDate "2022.04.12"]
[EventType "swiss"]
[EventCountry "MEX"]
[SourceTitle "playchess.com"]
[Source "ChessBase"]
[SourceQuality "1"]
[TimeControl "5400+30"]

1. e4 c5 2. Nf3 g6 3. d4 cxd4 4. Nxd4 Nf6 5. Nc3 Nc6 6. Be3 Bg7 7. Bc4 Ng4 8. Qxg4 {[%emt 0:06:45] B35: Sicilian: Accelerated Dragon with 5 Nc3: main line.} Nxd4 9. Qd1 Nc6 10. Qd2 {[%emt 0:04:30] 0x0.00299f40aea5dp-1022s more active pieces. The black rooks are badly placed. White is slightly better.} O-O 11. h4 $40 {[%emt 0:12:05][%mdl 128] White has some attack.} h5 12. Bh6 {[%emt 0:05:06] [#]} Qb6 $146 ({Predecessor:} 12... d6 13. f3 Ne5 14. Bb3 Bd7 15. O-O-O b5 16. Bxg7 Kxg7 17. f4 Ng4 18. e5 Bc6 19. exd6 Qxd6 20. Qxd6 exd6 21. Rxd6 Bxg2 {0-1 (84) Della Morte,P (2147)-Alvarez Castillo,H (2175) Ezeiza 2000}) 13. Bxg7 Kxg7 14. O-O-O {[%emt 0:00:23][%cal Og2g4] Threatens to win with g4!} d6 $1 15. f4 Qc5 {[%emt 0:14:12] Against f5} (15... Bg4 $14) 16. Be2 $16 f5 17. g3 a6 (17... fxe4 $142 18. Nxe4 Qb6) 18. Bf3 b5 {[%emt 0:04:55] [#]} (18... e5 $16 {was worth a try.}) 19. exf5 (19. Rhe1 $1 $18) 19... Bxf5 20. Ne4 Qc4 21. Qc3+ (21. Ng5 $16) 21... Qxc3 $11 22. Nxc3 Rac8 23. Be4 b4 24. Bxf5 Rxf5 25. Ne4 Na5 26. Kb1 (26. Ng5 {seems wilder.} Rb5 27. Rhe1 Nc6 28. Re4) 26... Nb7 27. Rhe1 Rc7 28. Re2 Nc5 29. Ng5 Kf6 30. Rde1 e5 {[%emt 0:01:11] The position is equal.} 31. Rd2 Rc6 32. Rf2 exf4 33. gxf4 d5 34. Re8 Ne6 35. Kc1 Nc5 {[#] Hoping for ...Nd3+.} 36. Kd2 {[%emt 0:00:30] Prevents Nd3.} Kg7 {Weighted Error Value: White=0.16 (very precise) /Black=0.12 (very precise)} 1/2-1/2